 Dungeon Crawl Stone Soup version 0.28-a0-622-gbaef9634d7 (webtiles) character file.

Game seed: 2093061195270438994

12170 zxkuqyb the Cleaver (level 11, 0/72 HPs)
             Began as a Gargoyle Berserker on Oct 8, 2021.
             Was a High Priest of Trog.
             Slain by a komodo dragon (14 damage)
             ... on level 1 of the Lair of Beasts.
             The game lasted 00:49:01 (12820 turns).

zxkuqyb the Cleaver (Gargoyle Berserker)           Turns: 12820, Time: 00:49:02

Health: 0/72       AC: 25    Str: 24    XL:     11   Next: 89%
Magic:  11/11      EV: 10    Int:  8    God:    Trog [*****.]
Gold:   473        SH:  0    Dex: 15    Spells: 10/10 levels left

rFire   . . .      SeeInvis .   m - +0 war axe
rCold   + . .      Faith    .   (no shield)
rNeg    + . .      Spirit   .   J - +0 plate armour
rPois   ∞          Reflect  .   (no helmet)
rElec   +          Harm     .   W - +0 cloak
rCorr   .          Rampage  .   (no gloves)
Will    .....                   c - +0 pair of boots
Stlth   ..........              (no amulet)
HPRegen 0.22/turn               r - ring of protection from cold
MPRegen 0.12/turn               k - +6 ring of dexterity

@: on berserk cooldown, slowed, studying Bows, very slow
A: sickness immunity, AC +8, negative energy resistance 1, electricity
resistance, torment resistance 1, petrification resistance
a: Renounce Religion, Berserk, Trog's Hand, Brothers in Arms


You were on level 1 of the Lair of Beasts.
You worshipped Trog.
Trog was extremely pleased with you.
You visited 3 branches of the dungeon, and saw 12 of its levels.
You also visited: Sewer and Ossuary.

You collected 521 gold pieces.
You spent 48 gold pieces at shops.

Inventory:

Hand Weapons
 l - a +1 flail of draining
 m - a +0 war axe (weapon)
 G - a +3 executioner's axe
 U - the +5 hunting sling of Generosity {freeze, rPois Will+ Str+4}
   (You found it on level 9 of the Dungeon)

   Any ammunition fired from it freezes those it strikes, dealing additional
   cold damage.
   It can also slow down cold-blooded creatures.
   Str:       It affects your strength (+4).
   rPois:     It protects you from poison.
   Will:      It increases your willpower.
Missiles
 R - 2 throwing nets
 X - a curare-tipped dart (quivered)
Armour
 c - a +0 pair of boots (worn)
 I - the +2 buckler of Hedonism {rPois}
   (You found it on level 5 of the Dungeon)

   rPois:     It protects you from poison.
 J - a +0 plate armour (worn)
 T - +0 acid dragon scales
 W - a +0 cloak (worn)
Jewellery
 g - a ring of positive energy
 k - a +6 ring of dexterity (right hand)
 n - a ring of willpower
 r - a ring of protection from cold (left hand)
 N - a ring of protection from cold
 P - a ring of positive energy
Wands
 a - a wand of paralysis (2)
 K - a wand of acid (11)
 M - a wand of mindburst (13)
 O - a wand of polymorph (23)
 S - a wand of iceblast (5)
Scrolls
 d - 8 scrolls of teleportation
 f - 4 scrolls of enchant armour
 h - 2 scrolls of immolation
 t - 2 scrolls of magic mapping {unknown}
 u - a scroll of torment {unknown}
 v - 3 scrolls of holy word
 w - a scroll of fog {unknown}
 y - 2 scrolls of brand weapon {unknown}
 E - a scroll of summoning {unknown}
 F - a scroll of fear {unknown}
 H - 2 scrolls of enchant weapon {unknown}
 L - a scroll of vulnerability {unknown}
 V - a scroll of acquirement {unknown}
Potions
 b - 3 potions of attraction
 e - 2 potions of heal wounds
 i - 3 potions of lignification
 o - a potion of might
 p - a potion of resistance {unknown}
 q - a potion of flight
 s - 4 potions of curing
 x - 3 potions of magic
 z - 2 potions of cancellation {unknown}
 A - 2 potions of haste
 B - a potion of invisibility {unknown}
 C - 2 potions of mutation {unknown}
 D - 4 potions of brilliance {unknown}
 Q - 2 potions of berserk rage
Miscellaneous
 j - a piece from Xom's chessboard (15/15)


   Skills:
 + Level 9.8 Fighting
 * Level 11.2 Axes
 + Level 9.5 Armour
 + Level 7.2 Dodging


You had 10 spell levels left.
You didn't know any spells.
Your spell library was empty.

Dungeon Overview and Level Annotations

Branches:
Dungeon (10/15)            Temple (1/1) D:4            Lair (1/6) D:10
    Orc (0/2) D:9           Sewer (visited)         Ossuary (visited)

Altars:
Ashenzari
Cheibriados
Dithmenos
Elyvilon
Fedhas
Gozag
Hepliaklqana
Kikubaaqudgha
Makhleb
Nemelex Xobeh
Okawaru
Qazlal
Ru
Sif Muna
Trog
Vehumet
Wu Jian
Xom
Yredelemnul
Zin
The Shining One

Shops:
D:3 [   D:5 (??(


Innate Abilities, Weirdness & Mutations

You are immune to sickness and miasma.
Your stone body is resilient. (AC +8)
You are immune to poison.
You resist negative energy. (rN+)
You are resistant to electric shocks. (rElec)
You are resistant to unholy torment.
You are immune to petrification.


Message History

You see here 10 gold pieces.
The komodo dragon closely misses you.
You hit the komodo dragon.
The komodo dragon is lightly wounded.
The komodo dragon bites you.
You slash the komodo dragon!
The komodo dragon is moderately wounded.
The komodo dragon barely misses you.
Unknown command.
You barely miss the komodo dragon.
The komodo dragon is moderately wounded.
The komodo dragon bites you but does no damage.
Unknown command.
You barely miss the komodo dragon.
The komodo dragon is moderately wounded.
The komodo dragon bites you but does no damage.
Unknown command.
You barely miss the komodo dragon.
The komodo dragon is moderately wounded.
The komodo dragon bites you!!
Unknown command.
A red film seems to cover your vision as you go berserk!
You feel yourself moving faster!
You feel mighty! The komodo dragon bites you!!
* * * LOW HITPOINT WARNING * * *
You closely miss the komodo dragon.
The komodo dragon is moderately wounded.
The komodo dragon bites you but does no damage.
Unknown command.
You barely miss the komodo dragon.
The komodo dragon is moderately wounded.
Unknown command.
You see here 10 gold pieces.
You feel a strong urge to attack something.
You feel your anger nearly subside.
You are no longer berserk.
You are exhausted.
You feel yourself slow down.
There is a staircase back to the Dungeon here.
The komodo dragon bites you!
You die...

.. ###..
######.#.+#####
+.............#
#.#..........#
#............#
#............#
#..........+
+...$...l@.#
#........>.#
#..........#
#.######'####
## #.# #.# #+#


You could see a komodo dragon.

Vanquished Creatures
  A hydra (D:6)
  Harold (D:7)
  2 two-headed ogres
  A manticore (D:10)
  Maurice (D:9)
  A kobold demonologist (D:9)
  A cane toad (Lair:1)
  2 trolls
  A hornet (D:9)
  Sigmund (D:2)
  A wyvern (D:9)
  9 yaks (D:10)
  Eustachio (D:4)
  4 vampire mosquitoes (D:7)
  3 steam dragons
  2 acid dragons
  3 water moccasins
  A sky beast (D:5)
  5 orc warriors
  2 ogres
  6 centaurs
  5 kobold brigands
  A gnoll sergeant (D:3)
  A bullfrog (D:8)
  9 scorpions
  A wyvern zombie (D:8)
  A wight (D:9)
  10 killer bees
  5 howler monkeys
  3 bullfrog zombies
  5 centaur zombies
  3 human zombies (Ossuary)
  2 hounds
  6 orc priests
  A gnoll shaman (D:6)
  A jelly (D:7)
  3 bullfrog skeletons
  Jessica (D:3)
  An iguana (D:3)
  7 orc wizards
  7 scorpion zombies (Ossuary)
  3 mummies (Ossuary)
  2 howler monkey zombies
  11 gnolls
  4 river rats
  11 adders
  3 white imps
  9 worms
  A dart slug (D:1)
  29 orcs
  8 endoplasms
  3 giant cockroaches
  2 gnoll zombies (Ossuary)
  4 goblins
  5 hobgoblins
  8 jackals
  5 quokkas
  3 ball pythons
  2 bats
  3 frilled lizards
  4 hobgoblin zombies (Ossuary)
  23 kobolds
  2 kobold zombies (Ossuary)
  2 orc zombies (Ossuary)
  12 rats
281 creatures vanquished.

Vanquished Creatures (others)
  An orc wizard (D:6)
  A fungus (Lair:1)
2 creatures vanquished.

Grand Total: 283 creatures vanquished

Notes
Turn   | Place    | Note
-------+----------+-------------------------------------------
     0 | D:1      | zxkuqyb the Gargoyle Berserker began the quest for the Orb.
     0 | D:1      | Reached XP level 1. HP: 14/14 MP: 1/1
   266 | D:1      | Reached XP level 2. HP: 15/19 MP: 2/2
   430 | D:1      | Reached skill level 3 in Axes
  1175 | D:1      | Reached XP level 3. HP: 23/23 MP: 3/3
  1699 | D:2      | Reached ** piety under Trog
  1759 | D:2      | Reached XP level 4. HP: 25/29 MP: 4/4
  1824 | D:2      | Found a faded altar of an unknown god.
  1939 | D:2      | Noticed Sigmund
  2095 | D:2      | Killed Sigmund
  2096 | D:2      | Reached skill level 4 in Axes
  2096 | D:2      | Reached XP level 5. HP: 23/33 MP: 5/5
  2096 | D:2      | Reached XP level 6. HP: 27/38 MP: 6/6
  2612 | D:3      | Noticed Jessica
  2620 | D:3      | Killed Jessica
  2670 | D:3      | Found Tadejiso's Armour Emporium.
  3327 | D:3      | Found a glowing golden altar of the Shining One.
  3430 | D:3      | Found a stormy altar of Qazlal.
  3538 | D:4      | Found a staircase to the Ecumenical Temple.
  3555 | Temple   | Entered the Ecumenical Temple
  3799 | D:4      | Noticed Eustachio
  3809 | D:4      | Killed Eustachio
  3810 | D:4      | Reached skill level 5 in Axes
  3810 | D:4      | Reached XP level 7. HP: 44/44 MP: 7/7
  3935 | D:4      | Reached skill level 5 in Fighting
  4165 | D:4      | Reached *** piety under Trog
  4388 | D:5      | Entered Level 5 of the Dungeon
  4390 | D:5      | Found a sand-covered staircase.
  4395 | D:5      | Found Ahikon's Weapon Shoppe.
  4398 | Ossuary  | Entered an ossuary
  4529 | Ossuary  | Reached XP level 8. HP: 39/50 MP: 8/8
  4603 | Ossuary  | Reached skill level 5 in Armour
  4630 | Ossuary  | Reached skill level 6 in Axes
  4866 | D:5      | Found a large runed translucent door.
  4866 | D:5      | Found a large runed translucent door.
  4875 | D:5      | Found a shimmering altar of Xom.
  4922 | D:5      | Found Toqu's Magic Scroll Shoppe.
  5015 | D:5      | Reached skill level 7 in Axes
  5015 | D:5      | Reached XP level 9. HP: 42/56 MP: 9/9
  5024 | D:5      | Found a sacrificial altar of Ru.
  5083 | D:5      | Found a glowing drain.
  5112 | Sewer    | Entered a sewer
  5836 | D:5      | Reached **** piety under Trog
  5931 | D:5      | Found an iron altar of Okawaru.
  6168 | D:5      | Found Kaores's Antique Weapon Shoppe.
  6171 | D:5      | Identified the +2 buckler of Hedonism {rPois}
  6183 | D:5      | Found Seaps's Magic Scroll Shoppe.
  6186 | D:5      | Bought a scroll of identify for 24 gold pieces
  6186 | D:5      | Bought a scroll of identify for 24 gold pieces
  6292 | D:5      | Found a hazy altar of Hepliaklqana.
  6301 | D:5      | Found a basalt altar of Yredelemnul.
  6646 | D:6      | Noticed a four-headed hydra
  7018 | D:6      | Found a blossoming altar of Fedhas.
  7117 | D:6      | Reached skill level 5 in Dodging
  7302 | D:6      | Reached skill level 8 in Axes
  7387 | D:6      | Killed a four-headed hydra
  7388 | D:6      | Reached XP level 10. HP: 28/63 MP: 10/10
  7767 | D:6      | Noticed a two-headed ogre
  7774 | D:6      | Killed a two-headed ogre
  8161 | D:7      | Reached skill level 9 in Axes
  8165 | D:7      | Found a shimmering blue altar of Sif Muna.
  9097 | D:7      | Noticed Harold
  9111 | D:7      | Killed Harold
  9679 | D:8      | Found a glowing silver altar of Zin.
  9679 | D:8      | Noticed an angel
  9951 | D:8      | Found an ancient bone altar of Kikubaaqudgha.
 10264 | D:9      | Found a staircase to the Orcish Mines.
 10353 | D:9      | Reached ***** piety under Trog
 10355 | D:9      | Reached XP level 11. HP: 69/69 MP: 11/11
 10378 | D:9      | Noticed Maurice
 10383 | D:9      | Paralysed by Maurice for 6 turns
 10404 | D:9      | Paralysed by something for 2 turns
 10504 | D:9      | Reached skill level 10 in Axes
 11016 | D:9      | Noticed a two-headed ogre
 11031 | D:9      | Killed a two-headed ogre
 11272 | D:9      | Identified the +5 hunting sling of Generosity {freeze,
                  | rPois Will+ Str+4}
 11391 | D:9      | Killed Maurice
 11501 | D:10     | Entered Level 10 of the Dungeon
 11889 | D:10     | Received a gift from Trog
 11990 | D:10     | Found a radiant altar of Vehumet.
 12043 | D:10     | Noticed a manticore
 12062 | D:10     | Killed a manticore
 12063 | D:10     | Reached skill level 11 in Axes
 12108 | D:10     | Found a staircase to the Lair.
 12745 | Lair:1   | Entered Level 1 of the Lair of Beasts
 12820 | Lair:1   | Slain by a komodo dragon

Illustrated notes

Levels and vault maps discovered:
D:1:      lightli_iron_boxes, layout_loops_ring
D:2:      layout_loops_ring, hellmonk_ecumenical_altar_blasted, uniq_sigmund
D:3:      layout_rooms, grunt_qazlal_clouds, nicolae_tso_swordbearing_angel,
          serial_shops, shop, kennysheep_generic_room_5, uniq_jessica
D:4:      layout_basic, lemuel_crystal_altar, minmay_temple_entry_arrows,
          uniq_eustachio
D:5:      layout_gridville, kennysheep_okawaru_gauntlet,
          mainiacjoe_overflow_six_doors_small, xom_butterflies,
          jmf_multi_god_temple2, lightli_sewer_entry_pipes, serial_shops, shop,
          kennysheep_mini_moat, nicolae_take_the_stairs, shop_statue,
          lightli_ossuary_entry_decrepit_ruins
D:6:      layout_cave_pools, mainiacjoe_overflow_paths, minmay_misc_feat_doors,
          minmay_manual_mullet
D:7:      layout_rooms, nicolae_sif_muna_condensation, uniq_harold
D:8:      layout_cave_pools, kiku_gazebo_pond_becter, zin_angel
D:9:      layout_gridville, david_orc_3, st_stairs_12,
          minmay_increasing_density, uniq_maurice
D:10:     layout_loops_ring, mainiacjoe_overflow_catwalk, lair_entry_dummy,
          hangedman_decor_opposing, hangedman_abyss_or_decor_jellyfish_corner
Temple:   jpeg_temple_island
Lair:1:   layout_roguey, enter_volcano_3

Skill      XL: |  1  2  3  4  5  6  7  8  9 10 11 |
---------------+----------------------------------+-----
Axes           | 3 4 5 7 8 9 11 | 11.2
Dodging        | 2 3 4 5 6 7 |  7.2
Fighting       | 4 5 6 7 8 9 |  9.8
Armour         | 3 4 5 7 8 9 |  9.5

Action                   |  1- 3 |  4- 6 |  7- 9 | 10-12 || total
-------------------------+-------+-------+-------+-------++-------
Melee: Hand axe          |   120 |   108 |   647 |       ||   875
       Flail             |       |       |    11 |       ||    11
       War axe           |       |       |       |   518 ||   518
Throw: Dart              |       |       |       |     4 ||     4
Invok: Berserk           |     1 |     5 |     6 |    10 ||    22
       Trog's Hand       |       |     1 |    11 |    11 ||    23
Evoke: Wand              |       |       |       |     5 ||     5
  Use: Scroll            |       |     1 |     9 |     5 ||    15
       Potion            |       |       |     2 |       ||     2
Armor: Animal skin       |    25 |       |       |       ||    25
       Ring mail         |    25 |    29 |       |       ||    54
       Chain mail        |       |    22 |   417 |       ||   439
       Plate armour      |       |       |    41 |   406 ||   447
       Acid dragon scale |       |       |       |    11 ||    11
Dodge: Dodged            |    74 |    82 |   401 |   283 ||   840

Table legend: (Time is in decaauts)
 A = Elapsed time spent in this place.
 B = Non-inter-level travel time spent in this place.
 C = Inter-level travel time spent in this place.
 D = Time resting spent in this place.
 E = Time spent auto-exploring this place.
 F = Levels seen in this place.
 G = Mean time per level.
                   A        B        C        D        E       F      G
               +--------+--------+--------+--------+--------+-----+--------+
         Total |  13154 |  12684 |    470 |   4039 |   5331 |  14 |  939.6 |
       Dungeon |  11668 |  11222 |    446 |   3846 |   4851 |  10 | 1166.8 |
        Temple |    269 |    245 |     24 |      0 |    240 |   1 |  269.0 |
          Lair |     71 |     71 |      0 |     40 |      0 |   1 |   71.0 |
         Sewer |    670 |    670 |      0 |    127 |    240 |   1 |  670.0 |
       Ossuary |    474 |    474 |      0 |     26 |      0 |   1 |  474.0 |
               +--------+--------+--------+--------+--------+-----+--------+

Top non-repeatable levels by time:
     D:6: 1494 daAuts
     D:2: 1440 daAuts
     D:9: 1306 daAuts
    D:10: 1265 daAuts
     D:1: 1244 daAuts
     D:5: 1210 daAuts
     D:7: 1079 daAuts
     D:8: 1020 daAuts
     D:3: 922 daAuts
     D:4: 684 daAuts
   Sewer: 670 daAuts
 Ossuary: 474 daAuts
  Temple: 269 daAuts
  Lair:1: 71 daAuts
